AoeStats
← NDF

Arabia

504901037Analyzed
2v2 RM · 25d ago on Sep 7, 2026· 41m 56s· 4 players
Game mode
Random Map
Map size
Medium (4 player)
Population
200
Speed
Normal
Resources
Standard
Victory
Conquest
Starting age
Dark Age
Ending age
Imperial Age
RankedLock teamsTeams togetherTeam positionsShared explorationLock speedFull tech treeHidden civsTurbo modeCheats
Victory
Defeat
🇦🇷 Teutons · Argentina
664
+19
🇦🇷 Spanish · Argentina
663
+19
🇨🇴 Teutons · Colombia
759
-31
🇦🇷 Persians · Argentina
693
-18
NDF
3:13 Loom
13:00 Feudal Age
20:01 Castle Age
20:34 Double-Bit Axe
20:32 Horse Collar
20:48 Gold Mining
20:53 Stone Mining
21:01 Crossbowman
22:41 Padded Archer Armor
22:32 Fletching
25:27 Forging
32:02 Bodkin Arrow
32:21 Bow Saw
37:58 Iron Casting
39:21 Heavy Plow
44:38 Imperial Age
estebanpa
5:34 Loom
11:56 Feudal Age
12:27 Double-Bit Axe
12:04 Man-at-Arms
16:11 Scale Mail Armor
16:22 Forging
24:41 Castle Age
22:37 Stone Mining
22:55 Gold Mining
25:43 Town Watch
27:27 Stone Shaft Mining
30:13 Chain Mail Armor
30:36 Iron Casting
30:08 Scale Barding Armor
31:03 Horse Collar
32:39 Bow Saw
35:58 Imperial Age
33:50 Heavy Plow
39:01 Chain Barding Armor
39:13 Plate Mail Armor
39:43 Blast Furnace
39:54 Blast Furnace
40:19 Ballistics
39:57 Murder Holes
39:47 Elite Conquistador
gonzalezf.juancho
0:40 Loom
10:49 Feudal Age
14:43 Town Watch
17:40 Castle Age
19:34 Wheelbarrow
18:45 Town Watch
19:38 Husbandry
20:12 Bloodlines
22:49 Scale Barding Armor
24:23 Hand Cart
24:04 Double-Bit Axe
24:17 Gold Mining
31:36 Gold Shaft Mining
34:46 Town Patrol
37:38 Imperial Age
35:25 Bow Saw
35:00 Horse Collar
35:14 Stone Mining
35:37 Arson
35:54 Squires
35:39 Gambesons
36:49 Masonry
37:17 Cavalier
39:14 Conscription
39:32 Capped Ram
42:38 Stone Shaft Mining
42:06 Heavy Plow
43:13 Two-Man Saw
DaegonMagno
12:14 Feudal Age
12:40 Double-Bit Axe
12:36 Horse Collar
12:53 Loom
13:09 Man-at-Arms
14:05 Gold Mining
17:17 Forging
18:51 Scale Mail Armor
21:36 Fletching
23:41 Wheelbarrow
28:10 Castle Age
26:20 Arson
34:51 Bow Saw
37:33 Ballistics
37:13 Elite Skirmisher
Connection lost

Rejoining the realm…

Still unreachable

The connection could not be restored.

Session expired

The server has moved on; the page needs a fresh start.